 Dungeon Crawl Stone Soup version 0.25.1-2-g60ff931df9 (webtiles) character file.

Game seed: 7174909868255782738

151 lepoulpe303 the Sneak (level 5, -7/24 HPs)
             Began as a Spriggan Earth Elementalist on Sept 14, 2020.
             Mangled by a small abomination (18 damage)
             ... on level 3 of the Dungeon.
             The game lasted 00:10:37 (4760 turns).

lepoulpe303 the Sneak (Spriggan Earth Elementalist) Turns: 4760, Time: 00:10:38

Health: -7/24      AC:  2    Str:  4    XL:     5   Next: 11%
Magic:  12/12      EV: 19    Int: 18    God:
Gold:   28         SH:  0    Dex: 16    Spells: 6/12 levels left

rFire    . . .     SeeInvis +   a - +1 short sword (venom)
rCold    . . .     Gourm    .   (shield restricted)
rNeg     . . .     Faith    .   c - +0 robe
rPois    .         Spirit   .   (helmet restricted)
rElec    .         Reflect  .   (no cloak)
rCorr    .         Harm     .   (gloves unavailable)
MR       .....                  (boots unavailable)
Stlth    +++.......             (no amulet)
HPRegen  0.08/turn              (no ring)
MPRegen  0.13/turn              (no ring)

@: very quick
A: very small, unfitting armour, see invisible, herbivore, speed 3, slow
metabolism 2
a: no special abilities


You were on level 3 of the Dungeon.
You were not hungry.

You visited 1 branch of the dungeon, and saw 3 of its levels.

You collected 28 gold pieces.

Inventory:

Hand Weapons
 a - a +1 short sword of venom (weapon)
 b - a +3 dagger of freezing
 r - a +0 short sword
Missiles
 Q - 18 stones (quivered)
Armour
 c - a +0 robe (worn)
Jewellery
 j - an uncursed amulet of guardian spirit {unknown}
Wands
 p - a wand of clouds (6)
Scrolls
 f - a scroll of enchant weapon
 h - a scroll of noise {unknown}
 o - a scroll of amnesia {unknown}
 q - a scroll of identify {unknown}
 w - a scroll of remove curse
Potions
 d - 3 potions of curing {unknown}
 g - a potion of mutation {unknown}
 i - a potion of haste {unknown}
 k - a potion of degeneration {unknown}
 l - a potion of heal wounds {unknown}
 m - a potion of brilliance {unknown}
 n - a potion of magic {unknown}
Comestibles
 e - 3 rations


   Skills:
 + Level 1.5 Short Blades
 + Level 4.0 Dodging
 + Level 4.3 Stealth
 * Level 4.0 Spellcasting
 - Level 1.3 Transmutations
 * Level 3.6 Earth Magic


You had 6 spell levels left.
You knew the following spells:

 Your Spells              Type           Power        Failure   Level  Hunger
a - Sandblast             Erth           ###...       3%          1    None
w - Passwall              Tmut/Erth      ##......     8%          2    ##.....
x - Stone Arrow           Conj/Erth      ##....       21%         3    ###....

Your spell library contained the following spells:

 Spells                   Type           Power        Failure   Level  Hunger
 Recall                   Summ/Tloc      N/A          41%         3    ###....
 Petrify                  Tmut/Erth      ##......     45%         4    ####...
 Lee's Rapid Deconstruct  Erth           ###.......   65%         5    ######.
 Iskenderun's Mystic Bla  Conj/Tloc      #.......     82%         4    ####...
 Malign Gateway           Summ/Tloc      #.........   100%        7    #######
 Controlled Blink         Tloc           N/A          100%        8    #######


Dungeon Overview and Level Annotations

Branches:
Dungeon (3/15)

Altars:

Portals:
Abyss: D:3

Annotations:
D:3 1 transporter, Frank's ghost, amateur DsGl


Innate Abilities, Weirdness & Mutations

You are very small and have problems with some larger weapons.
You are too small for most types of armour.
You have supernaturally acute eyesight. (SInv)
You are a herbivore.
You cover ground extremely quickly.
You need to consume almost no food.


Message History

The crimson imp blinks!
Frank's ghost closely misses you.
You closely miss the crimson imp. The small abomination hits you.
Frank's ghost hits you. The crimson imp misses you.
You take 7 damage, and have 16/24 hp.
MASSIVE DAMAGE!!
Frank's ghost hits you. Frank's ghost barely misses you.
The crimson imp blinks!
You see here Lugonu's Catalogue of the Traveller.
You pick up Lugonu's Catalogue of the Traveller and begin reading...
You add the spells Recall, Iskenderun's Mystic Blast, Malign Gateway and Controlled Blink to your library.
The small abomination completely misses you.
The small abomination hits you.
* * * LOW HITPOINT WARNING * * *
You take 5 damage, and have 11/24 hp.
MASSIVE DAMAGE!!
You hit Frank's ghost but do no damage. Frank's ghost closely misses you.
The small abomination hits you!!
Ouch! That really hurt!
You die...

#.....#### #..# #.
#.###....#######..# #.
########.##......##......# #.
..[.........####....###..# #.
.######..####..##..##.##.## #.
.## #..#©..∩^##©##(..#..# #. #.##
##.#####..###.#.##..# ## ##g##
#..#####..W5..^#...# ##.##
##.....##@#..###.#.# ##.#
##......##x#.#...#.#
##.####g.###..##...#.....# ##..#
#..##.##..#...##....# ##### #.#)#
#.## ..#.##.#..##.#.# #.... .##g#
#.## .####.##...#...# #.###
.##.###..##...^.#.#...##..###.###
.........©#$##...#^...©#.........
....####..#.#.# #..###.#.####.###


You could see a small abomination, Frank's ghost and a crimson imp.

Levels and vault maps discovered:
D:1:      dpeg_arrival_fog, layout_loops_corners, minmay_pentomino_q4
D:2:      layout_rooms, kennysheep_donut
D:3:      layout_loops_ring, gammafunk_ghost_abyssal_escape, first_ration,
          uniq_ijyb, uniq_robin

Notes
Turn   | Place    | Note
-------+----------+-------------------------------------------
     0 | D:1      | lepoulpe303 the Spriggan Earth Elementalist began the quest
                  | for the Orb.
     0 | D:1      | Reached XP level 1. HP: 9/9 MP: 5/5
   163 | D:1      | Identified a +0 short sword
   256 | D:1      | Identified a +0 whip
   498 | D:1      | Identified a +0 dagger
   761 | D:1      | Identified a +0 short sword
   774 | D:1      | Reached XP level 2. HP: 10/13 MP: 6/6
   839 | D:1      | Learned a level 2 spell: Passwall
   864 | D:1      | Identified a +0 club
   871 | D:1      | Reached skill level 3 in Spellcasting
  1081 | D:1      | Reached skill level 3 in Earth Magic
  1153 | D:1      | HP: 3/13 [leopard gecko (5)]
  1631 | D:2      | Identified 2 scrolls of remove curse
  1918 | D:2      | Reached XP level 3. HP: 16/16 MP: 8/8
  1923 | D:2      | Learned a level 3 spell: Stone Arrow
  1955 | D:2      | Identified a cursed -2 club
  1975 | D:2      | Identified a +0 club
  2110 | D:2      | Identified a +0 dagger
  2252 | D:3      | Identified a cursed -2 dagger
  2252 | D:3      | Identified a +1 dagger of freezing
  2253 | D:3      | Identified a cursed -1 dagger
  2255 | D:3      | Identified a +0 spear
  2255 | D:3      | Identified a +0 animal skin
  2255 | D:3      | Identified a +2 helmet
  2255 | D:3      | Noticed Robin
  2255 | D:3      | Identified a +0 dagger
  2481 | D:3      | Identified a +0 club
  2481 | D:3      | Identified a cursed -1 club
  2527 | D:3      | Identified a cursed +0 dagger
  2528 | D:3      | Identified a +0 club
  2530 | D:3      | Identified a +0 club
  2560 | D:3      | HP: 4/16 [Robin/+0 spear (5)]
  2826 | D:3      | Reached skill level 1 in Short Blades
  2836 | D:2      | Reached XP level 4. HP: 10/21 MP: 2/10
  3065 | D:3      | Killed Robin
  3247 | D:3      | Reached skill level 4 in Stealth
  3488 | D:3      | Identified a +0 dagger
  3503 | D:3      | HP: 4/21 [hobgoblin/+0 club[Robin] (6)]
  3828 | D:3      | Identified a +0 flail
  3938 | D:3      | Identified a +0 dagger
  3972 | D:3      | Found a transporter.
  3972 | D:3      | Found a one-way gate to the infinite horrors of the Abyss.
  3972 | D:3      | Noticed Frank's ghost (amateur DsGl)
  4162 | D:3      | Found a transporter.
  4172 | D:3      | Noticed a small abomination
  4242 | D:3      | Identified a +0 ring mail
  4242 | D:3      | Noticed Ijyb
  4627 | D:3      | Identified 3 scrolls of enchant weapon
  4659 | D:3      | Identified a +1 short sword of venom (You found it on level
                  | 3 of the Dungeon)
  4705 | D:3      | Killed Ijyb
  4705 | D:3      | Reached skill level 4 in Dodging
  4705 | D:3      | Reached skill level 4 in Spellcasting
  4705 | D:3      | Reached XP level 5. HP: 21/24 MP: 10/12
  4759 | D:3      | Got Lugonu's Catalogue of the Traveller
  4760 | D:3      | Mangled by a small abomination

Table legend:
 A = Turns spent in this place as a percentage of turns spent in the entire game.
 B = Non-inter-level travel turns spent in this place as a percentage of non-inter-level travel turns spent in the entire game.
 C = Inter-level travel turns spent in this place as a percentage of turns spent in this place.
 D = Turns resting spent in this place as a percentage of non-inter-level travel turns spent in this place.
 E = Turns spent auto-exploring this place as a percentage of non-inter-level travel turns spent in this place.
 F = Non-inter-level travel turns spent in this place divided by the number of levels of this place that you've seen.
                   A       B       C       D       E      F
               +-------+-------+-------+-------+-------+----------------------
         Total | 100.0 | 100.0 |   3.3 |  46.9 |  33.1 | 1534.0
       Dungeon | 100.0 | 100.0 |   3.3 |  46.9 |  33.1 | 1534.0
               +-------+-------+-------+-------+-------+----------------------

Table legend:
 A = Kills in this place as a percentage of kills in entire the game.
 B = Kills by you in this place as a percentage of kills by you in the entire game.
 C = Kills by friends in this place as a percentage of kills by friends in the entire game.
 D = Other kills in this place as a percentage of other kills in the entire game.
 E = Experience gained in this place as a percentage of experience gained in the entire game.
 F = Experience gained in this place divided by the number of levels of this place that you have seen.
                   A       B       C       D       E      F
               +-------+-------+-------+-------+-------+----------------------
         Total | 100.0 | 100.0 |   N/A |   N/A | 100.0 |  72.3
       Dungeon | 100.0 | 100.0 |   N/A |   N/A | 100.0 |  72.3
               +-------+-------+-------+-------+-------+----------------------

Skill      XL: |  1  2  3  4 |
---------------+-------------+-----
Spellcasting   | 3 4 |  4.0
Earth Magic    | 3 |  3.6
Short Blades   | 1 |  1.5
Stealth        | 4 |  4.3
Dodging        | 4 |  4.0
Transmutations | |  1.3

Action                   |  1- 3 |  4- 6 || total
-------------------------+-------+-------++-------
Melee: Short sword       |   174 |    47 ||   221
       Unarmed           |     9 |       ||     9
       Dagger            |    23 |    25 ||    48
 Cast: Sandblast         |    13 |    16 ||    29
       Passwall          |       |     1 ||     1
  Use: Scroll            |     1 |     2 ||     3
 Stab: Sleeping          |     7 |     1 ||     8
  Eat: Ration            |       |     1 ||     1
Armor: Robe              |    21 |    10 ||    31
Dodge: Dodged            |   195 |    71 ||   266

Vanquished Creatures
  Ijyb (D:3)
  A killer bee zombie (D:3)
  Robin (D:3)
  4 adders
  A leopard gecko (D:1)
  An orc (D:3)
  A ball python (D:3)
  14 goblins
  6 hobgoblins
  A quokka (D:2)
  9 bats
  A frilled lizard (D:1)
  9 kobolds
  8 rats
58 creatures vanquished.
